 Dungeon Crawl Stone Soup version 0.31-a0-1204-ge2c1a860ed (webtiles) character file.

Game seed: 1332016611527744783

6927 Rennog the Grappler (level 11, 0/84 HPs)
             Began as a Gnoll Shapeshifter on Dec 12, 2023.
             Was a Follower of Ashenzari.
             Slain by a yak (5 damage)
             ... on level 10 of the Dungeon.
             The game lasted 00:24:32 (11703 turns).

Rennog the Grappler (Gnoll Shapeshifter)           Turns: 11703, Time: 00:24:32

Health: 0/84       AC:  1    Str: 18    XL:     11   Next: 7%
Magic:  21/21      EV: 20    Int: 10    God:    Ashenzari [*.....]
Gold:   451        SH:  0    Dex: 17    Spells: 23/23 levels left

rFire   . .          .
                       - Unarmed
rCold   . . .        (shield currently unavailable)
rNeg    . . .        e - melded +0 plate armour
rPois   +            (no helmet)
rElec   .            z - scarf {+Inv}
rCorr   .            (no gloves)
SInv    .            D - +0 pair of boots "Eternal Together" {Fort, Range} (curse)
Will    .....        (no amulet)
Stlth   ++           o - ring "Omniscient Apathy" {Dex+6, Bglg, Self} (curse)
HPRegen 0.34/turn    u - ring of poison resistance
MPRegen 0.17/turn

%: no passive effects
@: flux-form, glowing
A: glow, contaminating, fangs 1, strong nose, distributed training
a: Begin Untransformation, Renounce Religion, Evoke Invisibility, Shatter the
Chains


You were on level 10 of the Dungeon.
You worshipped Ashenzari.
Ashenzari was aware of your devotion.
You were something dangerously unstable.
You visited 3 branches of the dungeon, and saw 12 of its levels.
You also visited: Bailey.

You collected 451 gold pieces.

Inventory:

Missiles
 h - 3 throwing nets
Armour
 a - a +0 animal skin
 e - a +0 plate armour (melded)
 i - a +0 cloak
 z - a scarf of invisibility (worn)
 D - the cursed +0 pair of boots "Eternal Together" (worn) {Fort, Range}
   (You found it on level 1 of the Dungeon)

   It has a curse which improves the following skills: Fortitude: Armour and
   Shields.
   Ranged Combat: Ranged Weapons and Throwing.
Magical Staves
 C - a staff of death
Jewellery
 o - the cursed ring "Omniscient Apathy" (left hand) {Dex+6, Bglg, Self}
   (You found it on level 3 of the Dungeon)

   [ring of dexterity]

   Dex+6:     It affects your dexterity (+6).
   It has a curse which improves the following skills: Beguiling: Conjurations,
   Hexes and Translocations.
   Introspection: Fighting and Spellcasting.
 p - a ring of see invisible
 u - a ring of poison resistance (right hand)
 y - a ring of fire
Talismans
 c - a beast talisman
 d - a flux talisman (active)
Wands
 r - a wand of polymorph (13)
 A - a wand of iceblast (6)
 B - a wand of acid (10)
Scrolls
 k - a scroll of enchant weapon
 n - a scroll of blinking
 s - 2 scrolls of enchant armour
 v - a scroll of revelation
 E - 4 scrolls of immolation
 F - a scroll of identify
Potions
 b - a potion of degeneration
 f - a potion of haste
 j - a potion of might
 l - 2 potions of brilliance
 q - a potion of magic
 t - 2 potions of mutation
 x - a potion of lignification


   Skills:
 + Level 6.6(7.4) Fighting
 + Level 6.0 Short Blades
 + Level 6.0 Long Blades
 + Level 6.0 Axes
 + Level 6.0 Maces & Flails
 + Level 6.0 Polearms
 + Level 6.0 Staves
 + Level 6.0(6.8) Ranged Weapons
 + Level 6.0(6.8) Throwing
 + Level 6.0(6.8) Armour
 + Level 7.6 Dodging
 + Level 6.0 Stealth
 + Level 6.0(6.8) Shields
 + Level 9.0 Unarmed Combat
 + Level 6.0(6.8) Spellcasting
 + Level 5.0(5.7) Conjurations
 + Level 5.0(5.7) Hexes
 + Level 5.0 Summonings
 + Level 5.0 Necromancy
 + Level 5.0(5.7) Translocations
 + Level 5.0 Transmutations
 + Level 5.0 Fire Magic
 + Level 5.0 Ice Magic
 + Level 5.0 Air Magic
 + Level 5.0 Earth Magic
 + Level 5.0 Poison Magic
 + Level 6.6 Invocations
 + Level 6.0 Evocations
 + Level 8.6 Shapeshifting


You had 23 spell levels left.
You didn't know any spells.
Your spell library contained the following spells:

 Spells                   Type           Power      Damage    Failure   Level
 Kiss of Death            Conj/Necr      56%        2d9       1%          1
 Blink                    Tloc           28%        N/A       2%          2
 Static Discharge         Conj/Air       28%        3-5/arc   3%          2
 Ozocubu's Armour         Ice            13%        N/A       8%          3
 Manifold Assault         Tloc           14%        N/A       19%         4
 Airstrike                Air            6%         2d(1-17)  24%         4
 Summon Lightning Spire   Summ/Air       13%        N/A       24%         4
 Metabolic Englaciation   Hex/Ice        7%         N/A       50%         5
 Simulacrum               Ice/Necr       6%         N/A       98%         6


Dungeon Overview and Level Annotations

Branches:
Dungeon (10/15)            Temple (1/1) D:7            Lair (1/5) D:8
    Orc (0/2) D:9          Bailey (visited)

Altars:
Ashenzari
Cheibriados
Dithmenos
Elyvilon
Fedhas
Gozag
Hepliaklqana
Kikubaaqudgha
Makhleb
Nemelex Xobeh
Okawaru
Ru
Sif Muna
Trog
Uskayaw
Vehumet
Wu Jian
Xom
Zin
The Shining One

Shops:
D:1 ?   D:3 *:

Annotations:
D:5 1 runed translucent door, Crazy Yiuf
D:10 Sonja


Innate Abilities, Weirdness & Mutations

You are something dangerously unstable.
You glow with magical radiation, making you easy to see and hit.
Foes you strike become dangerously contaminated with magical radiation.
You are incapable of wielding weapons or throwing items.
You have very sharp teeth.
Your uncanny sense of smell can sniff out nearby items.
Your experience applies equally to all skills.


Message History

You see here a potion of might.
The orc priest shouts!
You feel better.
An orc warrior comes into view. It is wielding a +0 glaive.
The orc priest barely misses you.
The orc warrior shouts!
You hit the orc priest.
The orc priest begins to glow.
The orc priest is moderately wounded.
The orc priest invokes the aid of Beogh against you.
Beogh smites you!
* * * LOW HITPOINT WARNING * * *
You hit the orc priest.
The orc priest glows dangerously bright.
The orc priest is moderately wounded.
The orc priest mumbles some strange prayers to Beogh against you.
Pain shoots through your body!
* * * LOW HITPOINT WARNING * * *
The air fills with toxic fumes!
As you read the scroll of poison, it crumbles to dust.
The orc priest closely misses you.
You punch the orc priest!
The orc priest shudders as magic cascades through it!!
You kill the orc priest!
An orc comes into view. It is wielding a +0 falchion.
Things that are here:
a +0 club; an orc corpse The orc shouts!
The yak is engulfed in poison gas.
The yak looks even sicker.
You feel better.
The orc throws a boomerang.
The boomerang hits you.
* * * LOW HITPOINT WARNING * * *
The yak gores you.
* * * LOW HITPOINT WARNING * * *
Unknown command.
You hit the yak but do no damage.
The yak begins to glow.
The yak is heavily wounded.
You punch the yak!
The yak glows dangerously bright.
You bite the yak, but do no damage.
The yak is severely wounded.
The yak gores you.
You die...

# #.# #.#o# .#○###
.§.. ###o## #..☼☼#
#.##§# #.##○# #
#.##p# # ##.
#.##Y###.#####
###.).##.##○§........
.........#####Y######
##...##..####.#.##.Y
##.# #..#...## ..
#...##..#.##Y#.##...
#. #.#.......Y.YY...
#. #......########.#


You could see a yak (very poisoned, heavy contam, misshapen), an orc warrior and
an orc.

Vanquished Creatures
  2 trolls (D:8)
  8 yaks
  Eustachio (D:6)
  2 humans (D:9)
  3 water moccasins
  4 orc warriors
  2 sky beasts
  A black bear (D:4)
  Duvessa (D:4)
  3 ice beasts
  3 ogres
  3 centaurs
  A phantom (D:4)
  4 kobold brigands
  5 bullfrogs
  2 gnoll sergeants (D:9)
  4 scorpions
  4 wights
  Dowan (D:4)
  8 killer bees
  3 electric eels (D:7)
  5 orc priests
  8 hounds
  2 sleepcaps
  Ijyb (D:3)
  Natasha (twice) (D:3)
  Terence (D:3)
  5 iguanas
  7 orc wizards (D:4)
  19 gnolls
  15 adders
  A white imp (D:6)
  2 ufetubi
  39 orcs
  8 ball pythons
  7 endoplasms
  10 giant cockroaches
  10 goblins
  9 hobgoblins
  2 jackals (D:4)
  19 kobolds
  3 quokkas
  2 bats
  3 frilled lizards
  6 rats
251 creatures vanquished.

Notes
Turn   | Place    | Note
-------+----------+-------------------------------------------
     0 | D:1      | Rennog the Gnoll Shapeshifter began the quest for the Orb.
     0 | D:1      | Reached XP level 1. HP: 17/17 MP: 1/1
   140 | D:1      | Reached XP level 2. HP: 20/23 MP: 2/2
   217 | D:1      | Found Qaokepp's Magic Scroll Boutique.
   495 | D:1      | Reached XP level 3. HP: 28/28 MP: 3/3
   514 | D:1      | Reached skill level 1 in Invocations
   769 | D:2      | Reached skill level 1 in Short Blades
   769 | D:2      | Reached skill level 1 in Long Blades
   769 | D:2      | Reached skill level 1 in Axes
   769 | D:2      | Reached skill level 1 in Maces & Flails
   769 | D:2      | Reached skill level 1 in Polearms
   769 | D:2      | Reached skill level 1 in Staves
   769 | D:2      | Reached skill level 1 in Ranged Weapons
   769 | D:2      | Reached skill level 1 in Throwing
   769 | D:2      | Reached skill level 1 in Armour
   769 | D:2      | Reached skill level 1 in Stealth
   769 | D:2      | Reached skill level 1 in Shields
   769 | D:2      | Reached skill level 1 in Spellcasting
   769 | D:2      | Reached skill level 1 in Evocations
   777 | D:1      | Reached XP level 4. HP: 34/34 MP: 5/5
   853 | D:2      | Reached skill level 1 in Conjurations
   853 | D:2      | Reached skill level 1 in Hexes
   853 | D:2      | Reached skill level 1 in Summonings
   853 | D:2      | Reached skill level 1 in Necromancy
   853 | D:2      | Reached skill level 1 in Translocations
   853 | D:2      | Reached skill level 1 in Transmutations
   853 | D:2      | Reached skill level 1 in Fire Magic
   853 | D:2      | Reached skill level 1 in Ice Magic
   853 | D:2      | Reached skill level 1 in Air Magic
   853 | D:2      | Reached skill level 1 in Earth Magic
   853 | D:2      | Reached skill level 1 in Poison Magic
  1021 | D:2      | You fall into a shaft and drop 1 floor!
  1038 | D:3      | Reached XP level 5. HP: 40/40 MP: 5/7
  1094 | D:3      | Noticed Terence
  1112 | D:3      | Killed Terence
  1290 | D:3      | Found Bisi Oke's Vocational Training.
  1306 | D:3      | Found Erihiz's General Store.
  1340 | D:3      | Noticed Natasha
  1341 | D:3      | Killed Natasha
  1461 | D:3      | Noticed Ijyb
  1476 | D:3      | Killed Ijyb
  1477 | D:3      | Reached XP level 6. HP: 45/47 MP: 8/8
  1664 | D:3      | Noticed Natasha
  1668 | D:3      | Killed Natasha
  2205 | D:4      | Reached skill level 5 in Dodging
  2222 | D:4      | Reached XP level 7. HP: 30/52 MP: 10/10
  2435 | D:4      | Found a bloodstained altar of Trog.
  2526 | D:4      | Reached skill level 7 in Unarmed Combat
  2654 | D:4      | HP: 1/79 [killer bee (6)]
  2853 | D:4      | Noticed Duvessa
  2853 | D:4      | Noticed Dowan
  2862 | D:5      | Entered Level 5 of the Dungeon
  3084 | D:5      | Found a shimmering altar of Xom.
  3273 | D:5      | Reached XP level 8. HP: 60/60 MP: 12/12
  3371 | D:5      | Found a shadowy altar of Dithmenos.
  3702 | D:5      | Found an opulent altar of Gozag.
  3781 | D:5      | Found a runed translucent door.
  3782 | D:5      | Noticed Crazy Yiuf
  4341 | D:6      | Found a snail-covered altar of Cheibriados.
  4406 | D:6      | Noticed Eustachio
  4974 | D:6      | Killed Eustachio
  4979 | D:6      | Reached XP level 9. HP: 66/66 MP: 14/14
  5231 | D:7      | Found a flagged portal.
  5253 | Bailey   | Entered a bailey
  5494 | D:7      | Identified the +0 ring mail of the Engineer {rElec Slay+5}
  5612 | D:7      | Found a blossoming altar of Fedhas.
  5674 | D:7      | Reached skill level 5 in Fighting
  5896 | D:7      | Found a staircase to the Ecumenical Temple.
  5913 | Temple   | Entered the Ecumenical Temple
  5937 | Temple   | Became a worshipper of Ashenzari the Shackled
  6081 | D:7      | Reached skill level 8 in Unarmed Combat
  6429 | D:7      | Reached skill level 5 in Invocations
  6861 | D:4      | Killed Duvessa
  6876 | D:4      | Killed Dowan
  7427 | D:4      | Found an ancient bone altar of Kikubaaqudgha.
  7443 | D:4      | Reached XP level 10. HP: 75/75 MP: 17/17
  7470 | D:4      | Got Kikubaaqudgha's Octavo of Spectres
  7476 | D:4      | Found a radiant altar of Vehumet.
  7498 | D:4      | Found a shimmering blue altar of Sif Muna.
  7981 | D:8      | Reached skill level 5 in Short Blades
  7981 | D:8      | Reached skill level 5 in Long Blades
  7981 | D:8      | Reached skill level 5 in Axes
  7981 | D:8      | Reached skill level 5 in Maces & Flails
  7981 | D:8      | Reached skill level 5 in Polearms
  7981 | D:8      | Reached skill level 5 in Staves
  7981 | D:8      | Reached skill level 5 in Ranged Weapons
  7981 | D:8      | Reached skill level 5 in Throwing
  7981 | D:8      | Reached skill level 5 in Armour
  7981 | D:8      | Reached skill level 5 in Stealth
  7981 | D:8      | Reached skill level 5 in Shields
  7981 | D:8      | Reached skill level 5 in Spellcasting
  7981 | D:8      | Reached skill level 5 in Evocations
  8799 | D:9      | Found a glowing silver altar of Zin.
  9014 | D:9      | Found an iron altar of Okawaru.
  9197 | D:9      | Found a staircase to the Orcish Mines.
 10521 | D:8      | Found a staircase to the Lair.
 11158 | Lair:1   | Entered Level 1 of the Lair of Beasts
 11302 | Lair:1   | Noticed an elephant
 11351 | D:8      | Reached XP level 11. HP: 83/83 MP: 19/19
 11361 | D:8      | Reached skill level 9 in Unarmed Combat
 11569 | D:9      | Noticed a two-headed ogre
 11626 | D:10     | Entered Level 10 of the Dungeon
 11651 | D:10     | Reached * piety under Ashenzari
 11656 | D:10     | Noticed Sonja
 11666 | D:10     | Reached skill level 5 in Conjurations
 11666 | D:10     | Reached skill level 5 in Hexes
 11666 | D:10     | Reached skill level 5 in Summonings
 11666 | D:10     | Reached skill level 5 in Necromancy
 11666 | D:10     | Reached skill level 5 in Translocations
 11666 | D:10     | Reached skill level 5 in Transmutations
 11666 | D:10     | Reached skill level 5 in Fire Magic
 11666 | D:10     | Reached skill level 5 in Ice Magic
 11666 | D:10     | Reached skill level 5 in Air Magic
 11666 | D:10     | Reached skill level 5 in Earth Magic
 11666 | D:10     | Reached skill level 5 in Poison Magic
 11681 | D:10     | HP: 4/84 [poisoned by Sonja]
 11693 | D:10     | HP: 1/84 [orc priest/divine providence (11)]
 11701 | D:10     | HP: 4/84 [yak (3)]
 11703 | D:10     | Slain by a yak

Illustrated notes

Levels and vault maps discovered:
D:1:      eino_arrival_tree_alley, layout_loops_ring, serial_shops, shop
D:2:      layout_basic, minivault_11, minmay_circle_x
D:3:      layout_loops_ring, serial_shops, shop, nicolae_shop_vocational,
          uniq_ijyb, uniq_terence, uniq_natasha
D:4:      minmay_octagon_keep, layout_layer_cave, palyth_temple_overflow_mages,
          trog_book, serial_bayou, serial_bayou_ford_a, serial_bayou_pond_b,
          serial_bayou_lagoon_a, serial_bayou_pond_d, uniq_duvessa
D:5:      layout_basic, kennysheep_mini_moat, marbit_many_paths,
          mainiacjoe_overflow_catwalk, minmay_door_square,
          uniq_crazy_yiuf_cottage
D:6:      layout_loops_ring, mainiacjoe_overflow_brackets, uniq_eustachio
D:7:      layout_basic, fedhas_bush_and_centaur_altar,
          minmay_temple_entry_stoned_glass, lightli_bailey_entry_fortress,
          kennysheep_boxes
D:8:      layout_gridville, dpeg_oklobed_lair, minmay_microvault
D:9:      layout_cave_pools, nicolae_qazlal_eye_of_the_storm, okawaru_humans,
          zin_statuary, kennysheep_orc_monster_closet_entryway
D:10:     layout_loops_ring, yredelemnul_altar_generic, enter_trove_3,
          uniq_fannar, uniq_sonja
Temple:   nicolae_temple_figure_zero
Lair:1:   layout_small_grid, wad_woods_river_01, infiniplex_staircase_pool

Skill      XL: |  1  2  3  4  5  6  7  8  9 10 11 |
---------------+----------------------------------+-----
Invocations    | 1 2 3 4 5 6 |  6.6
Short Blades   | 1 2 3 4 5 6 |  6.0
Long Blades    | 1 2 3 4 5 6 |  6.0
Axes           | 1 2 3 4 5 6 |  6.0
Maces & Flails | 1 2 3 4 5 6 |  6.0
Polearms       | 1 2 3 4 5 6 |  6.0
Staves         | 1 2 3 4 5 6 |  6.0
Ranged Weapons | 1 2 3 4 5 6 |  6.0
Throwing       | 1 2 3 4 5 6 |  6.0
Armour         | 1 2 3 4 5 6 |  6.0
Stealth        | 1 2 3 4 5 6 |  6.0
Shields        | 1 2 3 4 5 6 |  6.0
Spellcasting   | 1 2 3 4 5 6 |  6.0
Evocations     | 1 2 3 4 5 6 |  6.0
Conjurations   | 1 2 3 4 5 |  5.0
Hexes          | 1 2 3 4 5 |  5.0
Summonings     | 1 2 3 4 5 |  5.0
Necromancy     | 1 2 3 4 5 |  5.0
Translocations | 1 2 3 4 5 |  5.0
Transmutations | 1 2 3 4 5 |  5.0
Fire Magic     | 1 2 3 4 5 |  5.0
Ice Magic      | 1 2 3 4 5 |  5.0
Air Magic      | 1 2 3 4 5 |  5.0
Earth Magic    | 1 2 3 4 5 |  5.0
Poison Magic   | 1 2 3 4 5 |  5.0
Fighting       | 3 4 5 6 |  6.6
Dodging        | 5 6 7 |  7.6
Unarmed Combat | 7 8 9 |  9.0
Shapeshifting  | 7 8 |  8.6

Action                     |  1- 3 |  4- 6 |  7- 9 | 10-12 || total
---------------------------+-------+-------+-------+-------++-------
  Melee: Unarmed           |    44 |   124 |   354 |   299 ||   821
         Bite              |     7 |    11 |    43 |    46 ||   107
         Punch             |     1 |     7 |    16 |     9 ||    33
 Invoke: Curse Item        |       |       |       |     2 ||     2
    Use: Potion            |       |       |     3 |     3 ||     6
         Scroll            |       |       |     5 |     7 ||    12
 Armour: Plate armour      |    34 |   102 |   336 |   181 ||   653
         Skin              |       |       |    36 |    47 ||    83
  Dodge: Dodged            |     7 |    32 |   144 |   164 ||   347
   Form: Beast             |       |     1 |       |       ||     1
                           |       |       |       |     1 ||     1
         Flux              |       |       |       |     1 ||     1

Table legend: (Time is in decaauts)
 A = Elapsed time spent in this place.
 B = Non-inter-level travel time spent in this place.
 C = Inter-level travel time spent in this place.
 D = Time resting spent in this place.
 E = Time spent auto-exploring this place.
 F = Levels seen in this place.
 G = Mean time per level.
                   A        B        C        D        E       F      G
               +--------+--------+--------+--------+--------+-----+--------+
         Total |  11626 |  10757 |    869 |   2144 |   6638 |  13 |  894.3 |
       Dungeon |  11545 |  10693 |    852 |   2144 |   6616 |  10 | 1154.5 |
        Temple |     33 |     16 |     17 |      0 |     13 |   1 |   33.0 |
          Lair |      7 |      7 |      0 |      0 |      0 |   1 |    7.0 |
        Bailey |     39 |     39 |      0 |      0 |      9 |   1 |   39.0 |
               +--------+--------+--------+--------+--------+-----+--------+

Top non-repeatable levels by time:
     D:8: 2022 daAuts
     D:7: 1990 daAuts
     D:5: 1597 daAuts
     D:4: 1586 daAuts
     D:6: 971 daAuts
     D:3: 950 daAuts
     D:9: 895 daAuts
     D:1: 819 daAuts
     D:2: 636 daAuts
    D:10: 74 daAuts
  Bailey: 39 daAuts
  Temple: 33 daAuts
  Lair:1: 7 daAuts
